 Dungeon Crawl Stone Soup version 0.27.0-1-g7a089689b8 (webtiles) character file.

Game seed: 2734081838005597217

214246 SnakkuSnakku7 the Warrior (level 18, 0/270 HPs)
             Began as a Minotaur Berserker on Aug 11, 2021.
             Was the Champion of Trog.
             Succumbed to a death drake's dark miasma
             ... on level 4 of the Depths.
             The game lasted 00:39:41 (18678 turns).

SnakkuSnakku7 the Warrior (Minotaur Berserker)     Turns: 18678, Time: 00:39:43

Health: 0/270      AC: 45    Str: 28    XL:     18   Next: 67%
Magic:  17/17      EV: 15    Int:  4    God:    Trog [******]
Gold:   2016       SH: 17    Dex: 15    Spells: 17/17 levels left

rFire    . . .     SeeInvis .   a - +5 broad axe (flame)
rCold    + . .     Faith    +   x - +2 kite shield of the Neverending Hells {*Slow rElec rN+}
rNeg     + . .     Spirit   .   t - +5 crystal plate armour {rC+}
rPois    .         Reflect  .   (helmet restricted)
rElec    +         Harm     .   J - +0 cloak
rCorr    .         Rampage  .   K - +2 pair of gloves {Str+3}
Will     +....                  j - +2 pair of boots
Stlth    ..........             z - amulet of faith
HPRegen  0.55/turn              k - +4 ring of evasion
MPRegen  0.15/turn              L - +4 ring of protection

@: berserking (expiring), lethally poisoned (0 -> -47), slowed
A: horns 2, retaliatory headbutt
a: Renounce Religion, Berserk, Trog's Hand, Brothers in Arms


You were on level 4 of the Depths.
You worshipped Trog.
Trog was exalted by your worship.
You visited 2 branches of the dungeon, and saw 19 of its levels.
You visited the Abyss 2 times.
You also visited: Ossuary, Ice Cave and Wizlab.

You collected 2096 gold pieces.
You spent 80 gold pieces at shops.

Inventory:

Hand Weapons
 a - a +5 broad axe of flaming (weapon)
 b - a +0 war axe of flaming
Missiles
 E - 2 throwing nets (quivered)
Armour
 j - a +2 pair of boots (worn)
 t - a +5 crystal plate armour of cold resistance (worn)
 x - the +2 kite shield of the Neverending Hells (worn) {*Slow rElec rN+}
   (You acquired it on level 15 of the Dungeon)

   rElec:     It insulates you from electricity.
   rN:        It protects you from negative energy.
   *Slow:     It may slow you when you take damage.
 J - a +0 cloak (worn)
 K - a +2 pair of gloves of strength (worn)
Jewellery
 k - a +4 ring of evasion (left hand)
 y - the ring of Shadows {Umbra +Inv Stlth+}
   (You found it on level 3 of the Depths)

   [ring of stealth]

   It surrounds you with an aura of shadow, increasing your stealth and reducing
   the accuracy of all within it (including the wearer).
   +Inv:      It lets you turn invisible.
   Stlth:     It makes you more stealthy.
 z - an amulet of faith (around neck)
 B - a ring of poison resistance
 L - a +4 ring of protection (right hand)
 P - a ring of protection from cold
 Q - an amulet of guardian spirit
Wands
 f - a wand of flame (24)
 o - a wand of polymorph (16)
 u - a wand of iceblast (31)
 C - a wand of charming (13)
 G - a wand of acid (4)
 H - a wand of paralysis (8)
Scrolls
 g - 2 scrolls of blinking
 m - a scroll of holy word
 p - 3 scrolls of silence
 q - 2 scrolls of teleportation
 r - 4 scrolls of immolation
 D - 2 scrolls of identify
 F - 3 scrolls of fog
Potions
 c - 5 potions of flight
 d - 6 potions of curing
 e - 2 potions of ambrosia
 h - 6 potions of attraction
 i - 4 potions of might
 l - 4 potions of lignification
 n - 2 potions of cancellation
 s - a potion of invisibility
 w - 3 potions of magic
 A - 2 potions of haste
 M - a potion of heal wounds
Miscellaneous
 v - a phantom mirror
 I - a phial of floods


   Skills:
 + Level 20.4 Fighting
 - Level 18.0 Axes
 - Level 20.0 Armour
 - Level 10.0 Dodging
 - Level 15.0 Shields
 - Level 8.0 Evocations


You had 17 spell levels left.
You didn't know any spells.
Your spell library was empty.

Dungeon Overview and Level Annotations

Branches:
Dungeon (15/15)            Temple (0/1) D:4            Lair (0/6) D:10
    Orc (0/2) D:11         Vaults (0/5) D:13         Depths (4/5) D:15
Ossuary (visited)           IceCv (visited)          WizLab (visited)

Altars:
Dithmenos
Fedhas
Gozag
Hepliaklqana
Kikubaaqudgha
Makhleb
Qazlal
Ru
Uskayaw
Zin
Lugonu

Shops:
D:1 !   D:4 *   D:7 [   D:9 (

Portals:
Hell: Depths:1 Depths:2 Depths:3
Abyss: Depths:3
Pandemonium: Depths:3
Ziggurat: Depths:2

Annotations:
D:14 Roxanne


Innate Abilities, Weirdness & Mutations

You have a pair of horns on your head.
You reflexively headbutt those who attack you in melee.


Message History

You are engulfed in dark miasma.
You are more poisoned.
* * * LOW HITPOINT WARNING * * *
x2 You feel extremely sick.
The spectral golden dragon bites you but does no damage.
The spectral golden dragon claws you but does no damage.
The spectral golden dragon tramples you but does no damage.
The death drake bites you but does no damage.
The vampire mage mumbles some strange words.
The vampire mage flickers and vanishes!
* * * LOW HITPOINT WARNING * * *
You feel extremely sick. Something hits you but does no damage.
The death drake breathes miasma at you.
The foul vapour engulfs you but does no damage.
The spectral golden dragon bites you but does no damage.
The spectral golden dragon barely misses you.
The spectral golden dragon tramples you but does no damage.
Something hits you.
* * * LOW HITPOINT WARNING * * *
You are engulfed in dark miasma.
You are more poisoned.
You feel as though you will be slow longer.
* * * LOW HITPOINT WARNING * * *
You feel extremely sick.
The death drake bites you but does no damage.
The spectral golden dragon bites you but does no damage.
The spectral golden dragon claws you but does no damage.
The spectral golden dragon tramples you but does no damage.
Something hits you!!
* * * LOW HITPOINT WARNING * * *
The death drake bites you but does no damage.
You can move again.
Unknown command.
Unknown command.
You slice the death drake!! You burn the death drake!
Your headbutt misses the death drake.
The death drake is heavily wounded.
You slash the spectral golden dragon! You burn the spectral golden dragon.
You die...

### #.# #<# #.#
############'###########
...........<><{°@°......
............>.°°kZ°.....
...............°.°{≈≈...
....####........≈≈≈≈≈≈..
≈≈≈..# ###....≈≈≈##≈≈≈≈#
≈≈≈≈≈≈≈ ###≈≈≈≈## ≈≈≈≈≈
≈≈≈≈≈≈≈≈ ≈≈≈≈≈≈≈≈ ≈≈≈≈
≈≈≈≈≈≈≈≈≈ ≈≈≈≈≈##≈≈≈≈≈≈≈
≈≈###≈≈≈≈≈≈≈≈≈≈≈≈≈≈≈


You could see a death drake (catching breath) and a spectral golden dragon.

Vanquished Creatures
  An ancient lich (Depths:3)
  A juggernaut (Depths:3)
  A royal mummy (WizLab)
  2 golden dragons (Depths:3)
  2 tentacled monstrosities
  4 liches
  3 sphinxes
  A tentacled starspawn (Abyss:3)
  A tengu reaver (Depths:2)
  2 fire giants (Depths:2)
  A daeva (Depths:2)
  5 frost giants
  2 spectral juggernauts (Depths:4)
  A balrug (Depths:3)
  A spectral caustic shrike (Depths:4)
  A draconian shifter (Abyss:3)
  12 stone giants
  A war gargoyle (D:13)
  11 very ugly things
  10 spark wasps
  2 spectral titans (Depths:4)
  A quicksilver dragon zombie (WizLab)
  8 ettins
  2 spectral golden dragons (Depths:4)
  A mummy priest (WizLab)
  A merfolk javelineer (Depths:2)
  A merfolk impaler (Depths:1)
  2 great orbs of eyes (Depths:2)
  6 fire dragons
  A spectral shadow dragon (Depths:4)
  8 vault guards (D:13)
  A boulder beetle (D:14)
  3 hydras
  6 ice dragons
  5 rakshasas
  An ogre mage (D:15)
  A spriggan air mage (Depths:2)
  13 two-headed ogres
  2 catoblepae
  4 centaur warriors
  2 spectral frost giants (Depths:4)
  A death knight (D:13)
  A spectral fire giant (Depths:4)
  5 death yaks (IceCv)
  2 spectral spriggans (Depths:4)
  6 deep troll shamans
  4 deep troll earth magi
  10 tengu warriors
  A spectral storm dragon (Depths:4)
  4 spriggan berserkers
  8 hell knights
  5 skeletal warriors (D:15)
  4 iron trolls
  A spectral elf (Depths:4)
  A sixfirhy (Depths:3)
  3 flayed ghosts
  2 glowing orange brains
  A shadow dragon zombie (D:15)
  13 deep trolls
  2 large abominations (Abyss:3)
  2 wizards
  Pikel (D:6)
  3 deep elf pyromancers
  3 tengu zombies (WizLab)
  3 necromancers
  33 ugly things
  An iron dragon zombie (WizLab)
  2 frost giant zombies
  A stone giant zombie (D:15)
  5 cyclopes
  2 fire giant zombies (WizLab)
  3 manticores
  A spectral centaur (D:12)
  An eye of devastation (shapeshifter) (Depths:2)
  An ice statue (IceCv)
  An orange demon (Depths:3)
  3 demonspawn zombies (WizLab)
  3 smoke demons (Abyss:3)
  2 gargoyles (D:14)
  An unseen horror (shapeshifter) (D:13)
  2 centaur skeletons (D:12)
  Maggie (D:8)
  3 unseen horrors
  A yaktaur (shapeshifter) (D:13)
  9 rime drakes
  An efreet (D:15)
  6 yaktaurs
  A kobold demonologist (D:11)
  A freezing wraith (D:13)
  3 guardian mummies (WizLab)
  A spriggan skeleton (D:15)
  A spectral human (Depths:4)
  A queen bee (D:13)
  2 trolls
  6 polar bears (IceCv)
  6 meliai
  2 hornets (Depths:2)
  8 slime creatures
  An ettin zombie (WizLab)
  2 spriggan zombies (WizLab)
  Sigmund (D:2)
  9 water elementals
  2 wraiths
  A wyvern (D:6)
  A centaur simulacrum (D:15)
  10 yaks
  2 vampires
  8 redbacks (Depths:1)
  2 spriggans (Depths:2)
  3 basilisks
  A ynoxinul (Depths:3)
  2 chaos spawn
  A steam dragon (D:7)
  17 vampire mosquitoes
  An acid dragon (D:9)
  A water moccasin (D:7)
  A hell hound (Abyss:3)
  2 ice beasts (D:7)
  2 sky beasts
  3 orc warriors (D:10)
  12 wolves (IceCv)
  3 necrophages
  2 black bears (D:10)
  14 starcursed masses (Abyss:3)
  An ogre (D:7)
  3 hornet zombies
  2 centaurs
  2 lemures (D:6)
  3 wyvern zombies
  3 bullfrogs
  5 scorpions
  A small abomination (Abyss:3)
  3 water moccasin zombies
  37 killer bees
  6 howler monkeys
  7 centaur zombies
  7 bullfrog zombies (Ossuary)
  2 gnoll shamans
  2 hounds
  5 jellies
  4 orc priests
  3 mummies (Ossuary)
  A bullfrog skeleton (D:5)
  2 iguanas
  Natasha (thrice) (D:3)
  13 orc wizards
  3 killer bee zombies
  4 howler monkey zombies
  11 gnolls
  A howler monkey skeleton (D:5)
  3 adders (D:2)
  A shadow imp (D:7)
  3 white imps
  2 ufetubi (D:5)
  An adder skeleton (D:4)
  4 dart slugs
  33 orcs
  4 ball pythons
  6 endoplasms
  9 giant cockroaches
  2 goblins
  8 hobgoblins
  9 jackals
  9 kobolds
  3 quokkas
  8 bats
  5 frilled lizards
  6 rats
689 creatures vanquished.

Vanquished Creatures (collateral kills)
  A juggernaut (Depths:3)
  An angel (Depths:2)
  A tengu conjurer (Depths:3)
3 creatures vanquished.

Vanquished Creatures (others)
  A wizard (Depths:2)
  A demonic plant (D:1)
  12 fungi
  65 plants
  2 starspawn tentacles (Abyss:3)
  9 withered plants
90 creatures vanquished.

Grand Total: 782 creatures vanquished

Notes
Turn   | Place    | Note
-------+----------+-------------------------------------------
     0 | D:1      | SnakkuSnakku7 the Minotaur Berserker began the quest for
                  | the Orb.
     0 | D:1      | Reached XP level 1. HP: 19/19 MP: 0/0
    29 | D:1      | Found Jaahunam's Distillery.
    54 | D:1      | Reached XP level 2. HP: 14/27 MP: 1/1
   285 | D:1      | Reached ** piety under Trog
   355 | D:1      | Reached XP level 3. HP: 33/34 MP: 2/2
   598 | D:1      | Found a faded altar of an unknown god.
   598 | D:1      | Noticed a rust devil
   678 | D:2      | Noticed Sigmund
   696 | D:2      | Killed Sigmund
   697 | D:2      | Reached skill level 5 in Fighting
   697 | D:2      | Reached skill level 5 in Axes
   697 | D:2      | Reached XP level 4. HP: 27/44 MP: 3/3
   697 | D:2      | Reached XP level 5. HP: 30/50 MP: 4/4
   868 | D:2      | Noticed a necrophage
   886 | D:2      | Killed a necrophage
   887 | D:2      | Reached XP level 6. HP: 48/58 MP: 5/5
  1417 | D:3      | Noticed Natasha
  1422 | D:3      | Killed Natasha
  1426 | D:3      | Noticed Natasha
  1431 | D:3      | Killed Natasha
  1490 | D:3      | Found a burning altar of Makhleb.
  1490 | D:3      | Noticed a balrug
  1493 | D:3      | Noticed a hellwing
  1493 | D:3      | Noticed a smoke demon
  1523 | D:3      | Noticed Natasha
  1532 | D:3      | Killed Natasha
  1657 | D:4      | Reached *** piety under Trog
  1679 | D:4      | Found a staircase to the Ecumenical Temple.
  1692 | D:4      | Found Qecor's General Store.
  1696 | D:4      | Bought a potion of heal wounds for 50 gold pieces
  1788 | D:4      | Found a shadowy altar of Dithmenos.
  1868 | D:4      | Found an ancient bone altar of Kikubaaqudgha.
  1896 | D:4      | Reached XP level 7. HP: 57/66 MP: 6/6
  2085 | D:4      | Found a hide-covered altar of Uskayaw.
  2305 | D:4      | Bought a scroll of teleportation for 30 gold pieces
  2342 | D:5      | Entered Level 5 of the Dungeon
  2445 | D:5      | Found an opulent altar of Gozag.
  3036 | D:6      | Reached XP level 8. HP: 74/74 MP: 7/7
  3117 | D:6      | Reached skill level 10 in Axes
  3165 | D:6      | Found a glowing silver altar of Zin.
  3178 | D:6      | Reached **** piety under Trog
  3179 | D:6      | Identified the +1 war axe of Disintegration {drain, Int+2}
  3258 | D:6      | Noticed Pikel
  3265 | D:6      | Killed Pikel
  3371 | D:6      | Reached XP level 9. HP: 9/81 MP: 8/8
  3592 | D:7      | Found a sand-covered staircase.
  3653 | Ossuary  | Entered an ossuary
  4018 | D:7      | Reached skill level 1 in Shields
  4093 | D:7      | Reached XP level 10. HP: 88/88 MP: 9/9
  4193 | D:7      | Found Coemo's Antique Armour Shop.
  4285 | D:7      | Noticed a seven-headed hydra
  4295 | D:7      | Killed a 12-headed hydra
  4451 | D:7      | Found a sacrificial altar of Ru.
  4522 | D:8      | Noticed Maggie
  4535 | D:8      | Killed Maggie
  4535 | D:8      | Reached ***** piety under Trog
  4678 | D:8      | Found a hazy altar of Hepliaklqana.
  5552 | D:9      | Found Moufu's Weapon Emporium.
  5575 | D:9      | Noticed a two-headed ogre
  5582 | D:9      | Killed a two-headed ogre
  5592 | D:9      | Noticed a catoblepas
  5769 | D:9      | Reached skill level 10 in Armour
  5877 | D:9      | Killed a catoblepas
  5957 | D:9      | Reached skill level 5 in Dodging
  5972 | D:9      | Reached XP level 11. HP: 51/94 MP: 10/10
  5973 | D:9      | Received a gift from Trog
  6164 | D:10     | Entered Level 10 of the Dungeon
  6492 | D:10     | Found a stormy altar of Qazlal.
  6606 | D:10     | Found a staircase to the Lair.
  6752 | D:11     | Found a staircase to the Orcish Mines.
  7096 | D:11     | Noticed a two-headed ogre
  7101 | D:11     | Killed a two-headed ogre
  7203 | D:11     | Noticed a two-headed ogre
  7211 | D:11     | Killed a two-headed ogre
  7423 | D:12     | Reached skill level 10 in Dodging
  7440 | D:12     | Noticed a two-headed ogre
  7445 | D:12     | Killed a two-headed ogre
  7591 | D:12     | Noticed a deep elf pyromancer
  7591 | D:12     | Noticed a seven-headed hydra
  7631 | D:12     | Killed a four-headed hydra
  7632 | D:12     | Reached skill level 10 in Fighting
  7643 | D:12     | Killed a deep elf pyromancer
  7761 | D:12     | Noticed a two-headed ogre
  7773 | D:12     | Killed a two-headed ogre
  7831 | D:12     | Reached XP level 12. HP: 107/110 MP: 11/11
  7833 | D:12     | Received a gift from Trog
  8103 | D:13     | Found a frozen archway.
  8114 | IceCv    | Entered an ice cave
  8130 | IceCv    | Noticed a death yak
  8130 | IceCv    | Noticed a death yak
  8148 | IceCv    | Killed a death yak
  8156 | IceCv    | Killed a death yak
  8230 | IceCv    | Noticed a death yak
  8241 | IceCv    | Killed a death yak
  8359 | IceCv    | Noticed a death yak
  8373 | IceCv    | Killed a death yak
  8420 | IceCv    | Reached skill level 15 in Fighting
  8679 | IceCv    | Noticed a frost giant
  8679 | IceCv    | Noticed a death yak
  8691 | IceCv    | Killed a death yak
  8696 | IceCv    | Killed a frost giant
  8697 | IceCv    | Reached skill level 15 in Axes
  8851 | D:13     | Reached XP level 13. HP: 126/126 MP: 12/12
  8976 | D:13     | Received a gift from Trog
  9030 | D:13     | Noticed a war gargoyle
  9039 | D:13     | Killed a war gargoyle
  9392 | D:13     | Found a gate to the Vaults.
  9448 | D:13     | Reached skill level 5 in Shields
  9462 | D:13     | Noticed a stone giant
  9493 | D:13     | Killed a stone giant
  9678 | D:13     | Received a gift from Trog
 10048 | D:14     | Reached XP level 14. HP: 117/135 MP: 13/13
 10142 | D:14     | Reached skill level 10 in Shields
 10290 | D:14     | Identified Roxanne's Incunabulum of Clay
 10290 | D:14     | Noticed Roxanne
 11087 | D:15     | Entered Level 15 of the Dungeon
 11220 | D:15     | Found a staircase to the Depths.
 11583 | D:15     | Received a gift from Trog
 11790 | D:15     | Identified a scroll of acquirement
 11790 | D:15     | Acquired the +2 kite shield of the Neverending Hells {*Slow
                  | rElec rN+}
 11886 | Depths:1 | Entered Level 1 of the Depths
 11899 | Depths:1 | Noticed a stone giant
 11910 | Depths:1 | Killed a stone giant
 12061 | Depths:1 | Reached skill level 15 in Armour
 12133 | Depths:1 | Reached XP level 15. HP: 135/141 MP: 14/14
 12180 | Depths:1 | Found a gateway to Hell.
 12210 | Depths:1 | Noticed a sphinx
 12217 | Depths:1 | Noticed a lich
 12265 | Depths:1 | Found a magical portal.
 12270 | WizLab   | Entered Doroklohe's Tomb
 12773 | WizLab   | Noticed a royal mummy
 12787 | WizLab   | Killed a royal mummy
 13386 | Depths:1 | Reached ****** piety under Trog
 13540 | Depths:1 | Cast into level 2 of the Abyss (a wizard)
 13567 | Depths:1 | Escaped the Abyss
 13661 | Depths:1 | Killed a lich
 13826 | Depths:1 | Paralysed by a sphinx for 2 turns
 13840 | Depths:1 | Killed a sphinx
 13963 | Depths:2 | Received a gift from Trog
 14079 | Depths:2 | Noticed a tengu reaver
 14395 | Depths:2 | Reached XP level 16. HP: 116/149 MP: 15/15
 14567 | Depths:2 | Found a gateway to a ziggurat.
 14708 | Depths:2 | Noticed a tentacled monstrosity
 14727 | Depths:2 | Killed a tentacled monstrosity
 15019 | Depths:2 | Noticed a sphinx
 15029 | Depths:2 | Paralysed by a sphinx for 2 turns
 15035 | Depths:2 | Killed a sphinx
 15133 | Depths:2 | Killed a tengu reaver
 15460 | Depths:2 | Noticed a tengu reaver
 15465 | Depths:2 | Identified the +1 hand axe of Qywat {vorpal, Fly rN+++
                  | Dex-5 Stlth+} (Trog gifted it to you on level 2 of the
                  | Depths)
 15465 | Depths:2 | Received a gift from Trog
 15501 | Depths:2 | Reached skill level 15 in Shields
 15600 | Depths:2 | Reached XP level 17. HP: 117/156 MP: 16/16
 16018 | Depths:3 | Cast into level 3 of the Abyss (a wizard)
 16083 | Abyss:3  | Noticed a lich
 16100 | Abyss:3  | Killed a lich
 16136 | Abyss:3  | Paralysed by accursed screaming for 1 turns
 16210 | Abyss:3  | Noticed a hellephant
 16309 | Depths:3 | Escaped the Abyss
 16448 | Depths:3 | Noticed a juggernaut
 16455 | Depths:3 | Killed a juggernaut
 16833 | Depths:3 | Noticed a golden dragon
 16835 | Depths:3 | Noticed an ancient lich
 16847 | Depths:3 | Killed a golden dragon
 16847 | Depths:3 | Noticed a lich
 16856 | Depths:3 | Killed a lich
 16856 | Depths:3 | Noticed a lich
 16859 | Depths:3 | Noticed a tentacled monstrosity
 16979 | Depths:3 | Found the ring of Shadows {Umbra +Inv Stlth+}
 17086 | Depths:3 | Found a blossoming altar of Fedhas.
 17120 | Depths:3 | Killed a tentacled monstrosity
 17197 | Depths:3 | Killed an ancient lich
 17358 | Depths:3 | Noticed a juggernaut
 17368 | Depths:3 | Killed a juggernaut
 17369 | Depths:3 | Reached XP level 18. HP: 178/178 MP: 17/17
 17780 | Depths:3 | Noticed a golden dragon
 17797 | Depths:3 | Killed a golden dragon
 17820 | Depths:3 | Killed a lich
 17975 | Depths:3 | Identified the +3 shortbow of Acvidara {vorpal, rElec rF-
                  | rN+}
 18029 | Depths:3 | Received a gift from Trog
 18031 | Depths:3 | Reached skill level 5 in Evocations
 18121 | Depths:3 | Found a corrupted altar of Lugonu.
 18121 | Depths:3 | Found a one-way gate to the infinite horrors of the Abyss.
 18233 | Depths:3 | Found a one-way gate leading to the halls of Pandemonium.
 18643 | Depths:4 | Paralysed by a sphinx for 2 turns
 18670 | Depths:4 | Paralysed by something for 7 turns
 18677 | Depths:4 | HP: 9/270 [something (21)]
 18678 | Depths:4 | Succumbed to a death drake's dark miasma

Illustrated notes

Levels and vault maps discovered:
D:1:      doesnt_arrival_eight_statues, layout_basic,
          dreamdust_ecumenical_altar_sealed_demon, serial_forest,
          infiniplex_forest_lined_3, infiniplex_forest_lined_1,
          infiniplex_forest_lined_room_2, infiniplex_forest_straight_4,
          infiniplex_forest_lined_2, infiniplex_forest_clump_curved,
          infiniplex_forest_clump_medium, infiniplex_forest_clump_tiny,
          infiniplex_forest_clump_small, serial_shops, shop,
          grunt_decor_mini_mirrors, nrook_campfire, minivault_19
D:2:      layout_basic, grunt_ministairs_9, hex_large, uniq_sigmund
D:3:      layout_rooms, makhleb_altar_promises_db, kennysheep_generic_room_5,
          uniq_natasha
D:4:      layout_loops_ring, nicolae_uskayaw_dance_hall,
          kiku_gazebo_pond_becter, nicolae_dithmenos_shadow_blocks,
          minmay_temple_entry_hall, serial_shops, shop
D:5:      cheibrodos_quashed, layout_gridville, grunt_gozag_statues
D:6:      layout_rooms, mainiacjoe_overflow_surrounded_room, uniq_pikel
D:7:      layout_basic, nicolae_ru_path_of_blood, serial_shops,
          nicolae_take_the_stairs, enter_ossuary_2, corexii_checkpoint_a,
          chequers_serial_rivers_room_b, grunt_ogre_cave, st_stairs_6,
          minmay_increasing_density
D:8:      layout_loops_corners, mainiacjoe_overflow_boulevard,
          bh_walls_and_bars, uniq_maggie
D:9:      layout_roguey, nicolae_stop_n_shop_2
D:10:     layout_roguey, mainiacjoe_overflow_tiny_flanked,
          grunt_lair_entry_orc_guard_hut
D:11:     layout_loops_ring, orc_0_dummy
D:12:     layout_rooms, hangedman_weighted_door
D:13:     regret_index_wax_grids, layout_basic, erik_vaults_2,
          portal_ice_cave_rime
D:14:     layout_basic, minivault_14, minmay_circle_x, uniq_roxanne
D:15:     gammafunk_depths_entry_grave, layout_rooms, grunt_decor_cap
Depths:1: layout_forbidden_donut, hell_entry, mu_enter_wizlab_2,
          ebering_dispersal_statue_hall, drop_trap, minmay_misc_feat_iff,
          serial_bayou_lake_a
Depths:2: hangedman_cross_cluster, layout_gridlike, enter_ziggurat_c,
          roderic_st_hans_cross, hell_entry, kennysheep_dice
Depths:3: minmay_complete_graph, layout_gridville, rand_demon_pan_entry_1,
          abyss_entry_flame_altar, fedhas_altar_3, pf_hell_entry_great_geh,
          serial_bayou_shore_b, serial_bayou_shore_b
Depths:4: lemuel_river_lethe, abyss_entry, hell_entry, uniq_sojobo

Skill      XL: |  1  2  3  4  5  6  7  8  9 10 11 12 13 14 15 16 17 18 |
---------------+-------------------------------------------------------+-----
Fighting       | 4 5 6 7 8 11 15 19 20 | 20.4
Axes           | 4 5 6 7 9 12 14 15 18 | 18.0
Shields        | 4 8 10 15 | 15.0
Armour         | 3 10 15 19 20 | 20.0
Dodging        | 5 10 | 10.0
Evocations     | 8 |  8.0

Action                   |  1- 3 |  4- 6 |  7- 9 | 10-12 | 13-15 | 16-18 || total
-------------------------+-------+-------+-------+-------+-------+-------++-------
Melee: Hand axe          |    59 |    84 |   156 |   302 |       |       ||   601
       Headbutt          |     6 |    18 |    53 |    98 |   206 |   268 ||   649
       War axe           |       |    14 |    92 |     6 |       |       ||   112
       Broad axe         |       |       |       |    99 |   715 |   764 ||  1578
Throw: Throwing net      |       |       |       |     1 |       |       ||     1
Invok: Berserk           |     2 |     1 |     5 |    18 |    17 |    18 ||    61
       Trog's Hand       |     1 |       |     2 |     2 |    10 |    10 ||    25
       Brothers in Arms  |       |       |       |       |     1 |     2 ||     3
Evoke: Wand              |       |       |       |     3 |     3 |     1 ||     7
  Use: Scroll            |       |       |    10 |    18 |    11 |     4 ||    43
       Potion            |       |       |       |     2 |     3 |       ||     5
 Stab: Sleeping          |       |     1 |       |       |       |       ||     1
       Held in net/web   |       |       |       |     1 |       |       ||     1
       Invisible         |       |       |       |     1 |       |       ||     1
       Paralysed         |       |       |       |       |     2 |       ||     2
Armor: Animal skin       |    14 |    10 |     1 |       |       |       ||    25
       Scale mail        |       |       |    84 |     4 |       |       ||    88
       Swamp dragon scal |       |       |       |   133 |       |       ||   133
       Crystal plate arm |       |       |       |     4 |   419 |   312 ||   735
Dodge: Dodged            |    43 |    49 |    93 |   163 |   150 |   187 ||   685
Block: Buckler           |       |       |     4 |    91 |    43 |       ||   138
       Kite shield       |       |       |       |       |   334 |   371 ||   705
